 Dungeon Crawl Stone Soup version 0.24-a0-201-gf205589 (webtiles) character file.

Game seed: 2599866882239896576

98 Borgoz the Cutter (level 5, -1/31 HPs)
             Began as a Kobold Gladiator on Mar 24, 2019.
             Splashed by a jelly's acid (7 damage)
             ... on level 2 of the Dungeon.
             The game lasted 00:02:00 (1006 turns).

Borgoz the Cutter (Kobold Gladiator)                Turns: 1006, Time: 00:02:01

Health: -1/31      AC:  4    Str: 12    XL:     5   Next: 1%
Magic:  6/6        EV: 16    Int: 10    God:
Gold:   51         SH:  0    Dex: 16    Spells: 5/5 levels left

rFire    . . .     SeeInvis .   j - +0 short sword (freeze)
rCold    . . .     Gourm    .   (shield restricted)
rNeg     . . .     Faith    .   b - +0 leather armour
rPois    .         Spirit   .   c - +0 helmet
rElec    .         Reflect  .   (no cloak)
rCorr    .         Harm     .   (no gloves)
MR       .....                  (no boots)
Stlth    ++........             (no amulet)
HPRegen  0.10/turn              (no ring)
MPRegen  0.10/turn              (no ring)

@: very slightly contaminated
A: small, carnivore
a: no special abilities


You were on level 2 of the Dungeon.
You were completely stuffed.

You visited 1 branch of the dungeon, and saw 2 of its levels.

You collected 51 gold pieces.

Inventory:

Hand Weapons
 a - a +0 rapier
 j - a +0 short sword of freezing (weapon)
Missiles
 d - 4 throwing nets (quivered)
 l - 8 bolts
 n - 6 tomahawks
Armour
 b - a +0 leather armour (worn)
 c - a +0 helmet (worn)
Scrolls
 e - a scroll of enchant armour {unknown}
 h - 2 scrolls of identify {unknown}
 k - a scroll of blinking {unknown}
 m - a scroll of remove curse {unknown}
Potions
 i - a potion of invisibility
 o - a potion of might {unknown}
Comestibles
 f - 2 rations
 g - 4 chunks of flesh


   Skills:
 + Level 2.5 Fighting
 * Level 4.7 Short Blades
 + Level 2.6 Throwing
 * Level 1.2 Armour
 * Level 4.3 Dodging
 * Level 2.3 Stealth
 + Level 0.8 Spellcasting


You had 5 spell levels left.
You didn't know any spells.
Your spell library was empty.

Dungeon Overview and Level Annotations

Branches:
Dungeon (2/15)

Altars:


Innate Abilities, Weirdness & Mutations

You are small and have problems with some larger weapons.
You are carnivorous and can eat meat at any time.


Message History

The helpless hobgoblin fails to defend itself.
You impale the hobgoblin!! You freeze the hobgoblin.
You kill the hobgoblin!
You have reached level 5!
You feel stronger. The jelly hits you but does no damage.
A kobold comes into view.
You flicker back into view.
The helpless kobold fails to defend itself.
You impale the kobold!! You freeze the kobold.
You kill the kobold!
The jelly hits you but does no damage.
You hit the jelly. You freeze the jelly.
Your hands burn!
* * * LOW HITPOINT WARNING * * *
The jelly is lightly wounded.
The hobgoblin shouts!
The jelly hits you.
* * * LOW HITPOINT WARNING * * *
You are splashed with acid!
You die...

### #.# #(#
#.# #.# ##.##
#...##
#.###.#######
#. #.g......
#.###J#######
#.†@## #####


You could see a jelly and a hobgoblin.

Vanquished Creatures
  A jelly (D:2)
  An adder (D:2)
  3 oozes (D:2)
  A dart slug (D:1)
  A leopard gecko (D:2)
  4 bats
  3 giant cockroaches (D:1)
  3 goblins
  10 hobgoblins
  A quokka (D:2)
  10 kobolds
  4 rats (D:1)
42 creatures vanquished.

Vanquished Creatures (others)
  2 fungi (D:2)
  2 toadstools (D:2)
4 creatures vanquished.

Grand Total: 46 creatures vanquished

Notes
Turn   | Place    | Note
-------+----------+-------------------------------------------
     0 | D:1      | Borgoz the Kobold Gladiator began the quest for the Orb.
     0 | D:1      | Reached XP level 1. HP: 12/12 MP: 1/1
   264 | D:1      | Reached XP level 2. HP: 17/17 MP: 2/2
   353 | D:1      | Reached skill level 1 in Stealth
   477 | D:1      | Reached XP level 3. HP: 21/21 MP: 3/3
   915 | D:2      | Reached XP level 4. HP: 25/27 MP: 4/4
   944 | D:2      | Reached skill level 1 in Armour
  1001 | D:2      | Reached XP level 5. HP: 12/31 MP: 6/6
  1006 | D:2      | Splashed by a jelly's acid

Levels and vault maps discovered:
D:1:      saegor_arrival_simple_b, layout_rooms, hangedman_feature_mirror
D:2:      cheibrodos_fertilizer, layout_loops_ring, first_ration,
          mrwooster_statue_mirror, uniq_terence

Skill      XL: |  1  2  3  4 |
---------------+-------------+-----
Stealth        | 1 2 |  2.3
Dodging        | 4 |  4.3
Armour         | 1 |  1.2
Fighting       | |  2.5
Short Blades   | |  4.7
Throwing       | |  2.6
Spellcasting   | |  0.8

Action                   |  1- 3 |  4- 6 || total
-------------------------+-------+-------++-------
Melee: Rapier            |    44 |       ||    44
       Short sword       |    37 |    24 ||    61
  Use: Potion            |       |     1 ||     1
 Stab: Sleeping          |     5 |     3 ||     8
  Eat: Chunk             |     8 |     1 ||     9
Armor: Leather armour    |    13 |     4 ||    17
Dodge: Dodged            |    61 |    14 ||    75

Table legend:
 A = Non-vault XP
 B = Vault XP
 C = Vault XP percentage of total XP
 D = Non-vault monster count
 E = Vault monster count
 F = Vault count percentage of total count
                 A         B        C        D         E       F
            +---------+---------+-------+---------+---------+-------
      Total |      65 |      76 |  53.9 |      30 |      12 |  28.6
            +---------+---------+-------+---------+---------+-------
        D:1 |      33 |       3 |   8.3 |      18 |       2 |  10.0
        D:2 |      32 |      73 |  69.5 |      12 |      10 |  45.5
            +---------+---------+-------+---------+---------+-------
